 Dungeon Crawl Stone Soup version 0.29.1-2-gbd0b4ee654 (webtiles) character file.

Game seed: 9534035999646504388

257 MisterFreud the Covert (level 6, 0/53 HPs)
             Began as a Gnoll Delver on Nov 20, 2022.
             Slain by a fire bat (6 damage)
             ... on level 6 of the Dungeon.
             The game lasted 00:02:10 (1035 turns).

MisterFreud the Covert (Gnoll Delver)               Turns: 1035, Time: 00:02:11

Health: 0/53       AC:  3    Str: 12    XL:     6   Next: 16%
Magic:  8/8        EV: 13    Int: 11    God:
Gold:   26         SH:  0    Dex: 13    Spells: 8/8 levels left

rFire   . . .      SeeInvis .   a - +0 short sword
rCold   . . .      Faith    .   (no shield)
rNeg    . . .      Spirit   .   b - +0 leather armour
rPois   .          Reflect  .   (no helmet)
rElec   .          Harm     .   (no cloak)
rCorr   .          Rampage  .   (no gloves)
Will    .....                   (no boots)
Stlth   ++++......              (no amulet)
HPRegen 0.17/turn               (no ring)
MPRegen 0.11/turn               (no ring)

@: no status effects
A: fangs 1, strong nose, distributed training
a: no special abilities


You were on level 6 of the Dungeon.
You visited 1 branch of the dungeon, and saw 3 of its levels.

You collected 26 gold pieces.

Inventory:

Hand Weapons
 a - a +0 short sword (weapon)
Armour
 b - a +0 leather armour (worn)
Wands
 f - a wand of polymorph (8)
 g - a wand of digging (2)
Scrolls
 c - a scroll of fog
 d - a scroll of magic mapping
 h - a scroll of identify {unknown}


   Skills:
 + Level 6.8 Fighting
 + Level 5.0 Short Blades
 + Level 1.9 Long Blades
 + Level 1.9 Axes
 + Level 1.9 Maces & Flails
 + Level 1.9 Polearms
 + Level 1.9 Staves
 + Level 1.9 Ranged Weapons
 + Level 1.9 Throwing
 + Level 1.9 Armour
 + Level 5.0 Dodging
 + Level 9.8 Stealth
 + Level 1.9 Shields
 + Level 1.9 Unarmed Combat
 + Level 1.9 Spellcasting
 + Level 1.5 Conjurations
 + Level 1.5 Hexes
 + Level 1.5 Summonings
 + Level 1.5 Necromancy
 + Level 1.5 Translocations
 + Level 1.5 Transmutations
 + Level 1.5 Fire Magic
 + Level 1.5 Ice Magic
 + Level 1.5 Air Magic
 + Level 1.5 Earth Magic
 + Level 1.5 Poison Magic
 + Level 2.1 Invocations
 + Level 1.9 Evocations


You had 8 spell levels left.
You didn't know any spells.
Your spell library was empty.

Dungeon Overview and Level Annotations

Branches:
Dungeon (6/15)
 Temple: D:4-7

Altars:


Innate Abilities, Weirdness & Mutations

You have very sharp teeth.
Your uncanny sense of smell can sniff out nearby items.
Your experience applies equally to all skills.


Message History

* * * LOW HITPOINT WARNING * * *
The ice beast freezes you!
* * * LOW HITPOINT WARNING * * *
Unknown command.
Unknown command.
You aren't carrying any potions.
Unknown command.
Unknown command.
Okay, then.
Unknown command.
Unknown command.
Unknown command.
Aiming: Polymorph
Press: ? - help, Shift-Dir - straight line, f - ice beast
Aim: an ice beast (moderately wounded, will become a tengu, a fire bat, or a bullfrog, chance to affect: 53%)
The ice beast resists with significant effort.
The ice beast misses you.
Unknown command.
Aiming: Polymorph
Press: ? - help, Shift-Dir - straight line, f/p - ice beast
Aim: an ice beast (moderately wounded, will become a tengu, a fire bat, or a bullfrog, chance to affect: 53%)
The ice beast resists with significant effort.
The ice beast barely misses you.
Unknown command.
Unknown command.
Aiming: Polymorph
Press: ? - help, Shift-Dir - straight line, f/p - ice beast
Aim: an ice beast (moderately wounded, will become a tengu, a fire bat, or a bullfrog, chance to affect: 53%)
The ice beast resists with significant effort.
The orc barely misses you. The ice beast barely misses you.
Unknown command.
Unknown command.
Aiming: Polymorph
Press: ? - help, Shift-Dir - straight line, f/p - ice beast
Aim: an ice beast (moderately wounded, will become a tengu, a fire bat, or a bullfrog, chance to affect: 53%)
The ice beast evaporates and reforms as a fire bat!
The fire bat bites you.
* * * LOW HITPOINT WARNING * * *
You are engulfed in flames.
You die...

#.. ..#...#..
#.###.# ....#
...###.oo###...#
#)........###...
.......###oo.....#
###.... #.#####.#
#.... #o#
###+#####.#
......b@#Y#
#.#.###o#.#####.
#................
#...###.#.#####.#
#. #.#.# [.#.#
.....# ###.#.#
#.#.#


You could see a fire bat and an orc.

Vanquished Creatures
  An ogre (D:5)
  2 necrophages (D:5)
  A hound (D:5)
  3 gnolls (D:5)
  An orc (D:6)
  A rat (D:6)
9 creatures vanquished.

Notes
Turn   | Place    | Note
-------+----------+-------------------------------------------
     0 | D:5      | Reached skill level 9 in Stealth
     0 | D:5      | MisterFreud the Gnoll Delver began the quest for the Orb.
     0 | D:5      | Reached XP level 1. HP: 23/23 MP: 1/1
     8 | D:5      | Noticed a hound
    11 | D:5      | Noticed a necrophage
    15 | D:5      | Killed a hound
    16 | D:5      | Reached XP level 2. HP: 29/29 MP: 1/3
    16 | D:5      | Reached XP level 3. HP: 35/35 MP: 1/4
    30 | D:5      | Killed a necrophage
    31 | D:5      | Reached skill level 1 in Long Blades
    31 | D:5      | Reached skill level 1 in Axes
    31 | D:5      | Reached skill level 1 in Maces & Flails
    31 | D:5      | Reached skill level 1 in Polearms
    31 | D:5      | Reached skill level 1 in Staves
    31 | D:5      | Reached skill level 1 in Ranged Weapons
    31 | D:5      | Reached skill level 1 in Throwing
    31 | D:5      | Reached skill level 1 in Armour
    31 | D:5      | Reached skill level 1 in Shields
    31 | D:5      | Reached skill level 1 in Unarmed Combat
    31 | D:5      | Reached skill level 1 in Spellcasting
    31 | D:5      | Reached skill level 1 in Conjurations
    31 | D:5      | Reached skill level 1 in Hexes
    31 | D:5      | Reached skill level 1 in Summonings
    31 | D:5      | Reached skill level 1 in Necromancy
    31 | D:5      | Reached skill level 1 in Translocations
    31 | D:5      | Reached skill level 1 in Transmutations
    31 | D:5      | Reached skill level 1 in Fire Magic
    31 | D:5      | Reached skill level 1 in Ice Magic
    31 | D:5      | Reached skill level 1 in Air Magic
    31 | D:5      | Reached skill level 1 in Earth Magic
    31 | D:5      | Reached skill level 1 in Poison Magic
    31 | D:5      | Reached skill level 1 in Invocations
    31 | D:5      | Reached skill level 1 in Evocations
    31 | D:5      | Reached XP level 4. HP: 13/41 MP: 2/5
   459 | D:6      | Noticed an ice beast
   527 | D:5      | Noticed a necrophage
   532 | D:5      | Killed a necrophage
   533 | D:5      | Reached XP level 5. HP: 14/47 MP: 5/7
   757 | D:5      | Noticed an ogre
   760 | D:5      | Killed an ogre
   761 | D:5      | Reached XP level 6. HP: 53/53 MP: 8/8
  1018 | D:6      | Reached skill level 5 in Short Blades
  1018 | D:6      | Reached skill level 5 in Dodging
  1035 | D:6      | Noticed a fire bat
  1035 | D:6      | an ice beast changed into a fire bat
  1035 | D:6      | Slain by a fire bat

Illustrated notes

Levels and vault maps discovered:
D:4:      layout_cave_pools, serial_shops, nicolae_shop_behind_doors,
          kennysheep_generic_room_3, uniq_edmund, uniq_eustachio
D:5:      layout_basic, serial_shops, shop, kennysheep_minor_cross, uniq_ijyb,
          uniq_grinder
D:6:      nicolae_cairo_tiling, layout_basic, nrook_pool_corridor,
          minmay_lizard_king

Skill      XL: |  1  2  3  4  5  6 |
---------------+-------------------+-----
Stealth        | |  9.8
Long Blades    | 1 |  1.9
Axes           | 1 |  1.9
Maces & Flails | 1 |  1.9
Polearms       | 1 |  1.9
Staves         | 1 |  1.9
Ranged Weapons | 1 |  1.9
Throwing       | 1 |  1.9
Armour         | 1 |  1.9
Shields        | 1 |  1.9
Unarmed Combat | 1 |  1.9
Spellcasting   | 1 |  1.9
Conjurations   | 1 |  1.5
Hexes          | 1 |  1.5
Summonings     | 1 |  1.5
Necromancy     | 1 |  1.5
Translocations | 1 |  1.5
Transmutations | 1 |  1.5
Fire Magic     | 1 |  1.5
Ice Magic      | 1 |  1.5
Air Magic      | 1 |  1.5
Earth Magic    | 1 |  1.5
Poison Magic   | 1 |  1.5
Invocations    | 1 2 |  2.1
Evocations     | 1 |  1.9
Short Blades   | 5 |  5.0
Dodging        | 5 |  5.0
Fighting       | |  6.8

Action                   |  1- 3 |  4- 6 || total
-------------------------+-------+-------++-------
Melee: Short sword       |    15 |    42 ||    57
       Bite              |     1 |     4 ||     5
       Punch             |       |     2 ||     2
Evoke: Wand              |       |     6 ||     6
  Use: Potion            |       |     3 ||     3
       Scroll            |       |     1 ||     1
 Stab: Sleeping          |     1 |     2 ||     3
Armor: Leather armour    |     1 |     2 ||     3
       Skin              |       |     3 ||     3
Dodge: Dodged            |     6 |    32 ||    38
